 Dungeon Crawl Stone Soup version 0.22-a0-866-geee5034 (webtiles) character file.

51 VLARC the Grave Robber (level 3, -3/18 HPs)
             Began as a Vine Stalker Necromancer on July 28, 2018.
             Slain by a worm (11 damage)
             ... on level 2 of the Dungeon.
             The game lasted 00:01:35 (767 turns).

VLARC the Grave Robber (Vine Stalker Necromancer)    Turns: 767, Time: 00:01:35

Health: -3/18      AC:  2    Str: 10    XL:     3   Next: 83%
Magic:  0/8        EV: 12    Int: 16    God:
Gold:   23         SH:  0    Dex: 14    Spells: 3/8 levels left

rFire    . . .     SeeInvis .   d - +0 hand axe
rCold    . . .     Gourm    .   (no shield)
rNeg     . . .     Faith    .   a - +0 robe
rPois    .         Spirit   +   (no helmet)
rElec    .         Reflect  .   (no cloak)
rCorr    .         Harm     .   (no gloves)
MR       .....                  (no boots)
Stlth    ++........             (no amulet)
HPRegen  0.06/turn              (no ring)
MPRegen  0.11/turn              (no ring)

@: no status effects
A: fangs 2, magic shield, antimagic bite, no potion heal 3, rot immunity
a: no special abilities


You were on level 2 of the Dungeon.
You were not hungry.

You visited 1 branch of the dungeon, and saw 2 of its levels.

You collected 23 gold pieces.

Inventory:

Hand Weapons
 d - a +0 hand axe (weapon)
Missiles
 e - 85 stones (quivered)
Armour
 a - a +0 robe (worn)
Jewellery
 h - a +3 ring of protection {unknown}
 p - an uncursed amulet of harm {unknown}
Scrolls
 g - a scroll of fog {unknown}
 i - a scroll of enchant weapon {unknown}
 j - a scroll of teleportation {unknown}
 k - 4 scrolls of identify {unknown}
 l - a scroll of remove curse {unknown}
 m - a scroll of fear {unknown}
 o - a scroll of magic mapping {unknown}
Potions
 b - a potion of brilliance {unknown}
 f - 2 potions of lignification {unknown}
 n - a potion of ambrosia {unknown}
Comestibles
 c - 5 rations


   Skills:
 + Level 1.5 Fighting
 - Level 1.5 Dodging
 - Level 2.4 Stealth
 + Level 3.0 Spellcasting
 + Level 4.5 Necromancy


You had 3 spell levels left.
You knew the following spells:

 Your Spells              Type           Power        Failure   Level  Hunger
a - Pain                  Necr           ###.         3%          1    #......
b - Animate Skeleton      Necr           N/A          3%          1    #......
c - Vampiric Draining     Necr           ###.......   9%          3    ###....

Your spell library contained the following spells:

 Spells                   Type           Power        Failure   Level  Hunger
 Animate Dead             Necr           N/A          28%         4    #####..
 Regeneration             Chrm/Necr      #.........   22%         3    ###....


Dungeon Overview and Level Annotations

Branches:
Dungeon (2/15)

Altars:


Innate Abilities, Weirdness & Mutations

You have extremely sharp teeth.
When hurt, damage is shared between your health and your magic reserves.
Your bite disrupts and absorbs the magic of your enemies.
Potions cannot restore your health.
You are immune to rotting.


Message History

Casting: Pain (safe; 3% risk of failure)
Confirm with . or Enter, or press ? or * to list all spells.
You don't have enough magic to cast that spell.
Casting: Pain (safe; 3% risk of failure)
Confirm with . or Enter, or press ? or * to list all spells.
You don't have enough magic to cast that spell.
Casting: Pain (safe; 3% risk of failure)
Confirm with . or Enter, or press ? or * to list all spells.
You don't have enough magic to cast that spell.
Casting: Pain (safe; 3% risk of failure)
Confirm with . or Enter, or press ? or * to list all spells.
You don't have enough magic to cast that spell.
Casting: Pain (safe; 3% risk of failure)
Confirm with . or Enter, or press ? or * to list all spells.
You don't have enough magic to cast that spell.
You hit the worm.
The worm is almost dead.
The worm bites you!
Ouch! That really hurt!
You die...

##....# .....# #....# ..#
#....# #.# .# #..).# #.####
.## #.####....##
#....##..#####
#..........###.............
#....w@................
###.##.###.............
#.##.................
..######...)......# .###
#...<......# ..
#..........# ..
#..........# ...
#..........# #..........#


You could see a worm.

Vanquished Creatures
  Terence (D:2)
  An ooze (D:1)
  A dart slug (D:1)
  A leopard gecko (D:1)
  3 bats (D:1)
  A goblin (D:1)
  4 hobgoblins (D:1)
  A frilled lizard (D:1)
  A kobold (D:1)
  7 rats (D:1)
21 creatures vanquished.

Notes
Turn   | Place    | Note
-------+----------+-------------------------------------------
     0 | D:1      | VLARC the Vine Stalker Necromancer began the quest for the Orb.
     0 | D:1      | Reached XP level 1. HP: 9/9 MP: 4/4
   109 | D:1      | Reached XP level 2. HP: 11/14 MP: 4/6
   242 | D:1      | Reached skill level 1 in Fighting
   556 | D:1      | Reached XP level 3. HP: 18/18 MP: 8/8
   578 | D:1      | Learned a level 1 spell: Animate Skeleton
   582 | D:1      | Learned a level 3 spell: Vampiric Draining
   705 | D:2      | Noticed Terence
   712 | D:2      | Killed Terence
   767 | D:2      | Slain by a worm

Vault maps used:
D:1:      evilmike_arrival_plus, fountainhead, minmay_split_cup_large
D:2:      minmay_roachtagon, uniq_terence

Skill      XL: |  1  2  3 |
---------------+----------+-----
Fighting       | 1 |  1.5
Spellcasting   | 3 |  3.0
Dodging        | |  1.5
Stealth        | |  2.4
Necromancy     | |  4.5

Action                   || total
-------------------------++-------
Melee: Hand axe          ||    42
       Bite              ||     7
       Unarmed           ||     1
 Cast: Pain              ||    17
Armor: Robe              ||    10
Dodge: Dodged            ||    43

Table legend:
 A = Spawn XP
 B = Non-spawn XP
 C = Spawn XP percentage of total XP
 D = Spawn monster count
 E = Non-spawn monster count
 F = Spawn count percentage of total count
 G = Total turns spent on level
                    A         B        C        D         E        F      G
               +---------+---------+-------+---------+---------+-------+---------
         Total |       0 |      74 |   0.0 |       0 |      21 |   0.0 |   767
               +---------+---------+-------+---------+---------+-------+---------
           D:1 |       0 |      38 |   0.0 |       0 |      20 |   0.0 |   705
           D:2 |       0 |      36 |   0.0 |       0 |       1 |   0.0 |    62
               +---------+---------+-------+---------+---------+-------+---------
